Map: Deathaura LE

Players

Scarlett

  • Race: Zerg Zerg
  • League: Master
  • Spawn Location: 11:00

Neeb - Winner!

  • Race: Protoss Protoss
  • Spawn Location: 5:00

Event: DreamHack SC2 Masters 2020 Winter

VOD

Have the link to the VOD?

Description

Time

  • Played on: Nov. 4, 2020, 5:01 p.m.
  • Length: 8:24

All games in this series

Show
View Real Time Build Order
Export as new Build Order

Scarlett Zerg 

Build Orders: Hatch First 

Get SALT Encoding   

  12  0:00  Drone  
  13  0:12  Overlord  
  13  0:16  Drone  
  14  0:30  Drone  
  14  0:31  Drone  
  16  0:45  Drone  
  17  0:53  Hatchery  
  17  0:54  Drone  
  17  1:00  Drone  
  18  1:08  Extractor  
  17  1:13  Spawning Pool  
  17  1:15  Drone  
  17  1:19  Drone  
  18  1:30  Drone  
  19  1:39  Drone  
  20  1:49  Drone  
  21  2:00  Zergling x2  
  22  2:04  Queen x2  
  22  2:05  Zergling x2  
  27  2:11  Metabolic Boost  
  27  2:12  Drone  
  28  2:29  Overlord  
  28  2:35  Overlord  
  28  2:47  Queen x2  
  28  2:49  Drone x4  
  36  3:02  Zergling x4  
  35  3:13  Drone  
  35  3:14  Drone x5  
  35  3:17  Overlord  
  41  3:23  Spore Crawler  
  40  3:29  Overlord  
  40  3:35  Hatchery  
  40  3:37  Drone x2  
  40  3:40  Drone  
  42  3:45  Drone  
  43  3:50  Overlord  
  43  3:54  Overlord  
  43  3:57  Drone x3  
  43  3:58  Drone x3  
  48  4:03  Queen  
  48  4:05  Drone  
  48  4:09  Queen  
  53  4:13  Zergling x4  
  55  4:19  Zergling x2  
  55  4:23  Zergling x2  
  54  4:36  Drone  
  54  4:37  Drone x5  
  58  4:40  Lair  
  56  4:48  Drone x3  
  59  4:54  Overlord  
  59  4:59  Spore Crawler  
  58  5:04  Spore Crawler  
  58  5:06  Drone x3  
  60  5:11  Drone x7  
  60  5:13  Extractor  
  66  5:14  Extractor  
  66  5:15  Extractor  
  66  5:18  Evolution Chamber  
  63  5:23  Drone x4  
  67  5:29  Extractor  
  67  5:30  Extractor  
  67  5:33  Drone x2  
  67  5:39  Drone x8  
  67  5:40  Hatchery  
  74  5:45  Hydralisk Den  
  74  5:46  Drone, Zerg Missile Weapons Level 1  
  74  5:47  Drone  
  75  5:53  Drone x3  
  75  5:56  Overlord  
  78  6:00  Overseer  
  78  6:04  Overlord x2  
  78  6:08  Drone x3, Overlord  
  81  6:11  Overlord  
  81  6:12  Overlord  
  81  6:14  Drone  
  81  6:15  Drone  
  79  6:20  Drone x4  
  83  6:28  Muscular Augments  
  83  6:37  Drone  
  83  6:38  Drone x10  
  94  6:44  Hydralisk x2  
  94  6:45  Overseer  
  98  6:50  Infestation Pit, Hydralisk  
  98  6:51  Hydralisk  
  100  7:00  Hydralisk x6  
  112  7:08  Lurker Den  
  111  7:10  Hydralisk x4  
  111  7:11  Hydralisk  
  111  7:13  Hydralisk  
  123  7:21  Overlord x4  
  123  7:28  Hydralisk x4  
  130  7:36  Hydralisk x2  
  130  7:37  Zergling x4  
  134  7:46  Hydralisk x3  
  134  7:47  Zergling x14  
  123  7:55  Zergling x2, Hydralisk x3  
  123  7:56  Zergling x4  
  123  7:58  Hydralisk  
  122  7:59  Zergling x4  
Show
View Real Time Build Order
Export as new Build Order

Neeb Protoss - Winner!

Build Orders: 1 Gate Expand, Oracle Opening, Zealot Archon 

Get SALT Encoding   

  12  0:00  Probe  
  13  0:12  Probe  
  14  0:17  Pylon  
  14  0:24  Probe (Chrono Boost)  
  15  0:36  Probe (Chrono Boost)  
  15  0:40  Gateway  
  16  0:45  Probe (Chrono Boost)  
  16  0:49  Assimilator  
  17  0:51  Probe  
  18  1:03  Probe  
  19  1:15  Probe  
  20  1:26  Nexus  
  20  1:34  Cybernetics Core  
  20  1:39  Probe  
  21  1:45  Assimilator  
  21  1:51  Probe  
  21  1:53  Pylon  
  22  2:03  Probe (Chrono Boost)  
  23  2:09  Adept (Chrono Boost)  
  23  2:13  Probe (Chrono Boost)  
  26  2:18  Probe (Chrono Boost)  
  26  2:21  Stargate  
  27  2:29  Pylon  
  27  2:30  Probe  
  27  2:32  Adept (Chrono Boost)  
  30  2:37  Warp Gate  
  30  2:40  Probe  
  30  2:43  Probe  
  32  2:52  Probe  
  32  2:55  Probe  
  33  3:01  Void Ray (Chrono Boost)  
  33  3:04  Probe  
  33  3:05  Adept  
  36  3:07  Probe  
  41  3:16  Probe  
  41  3:19  Probe  
  43  3:27  Pylon  
  43  3:28  Probe  
  43  3:32  Probe  
  45  3:40  Pylon, Probe  
  46  3:43  Oracle (Chrono Boost)  
  46  3:46  Probe  
  50  3:52  Probe  
  51  3:58  Probe  
  51  4:04  Probe  
  51  4:05  Nexus  
  51  4:09  Pylon  
  52  4:10  Probe, Oracle (Chrono Boost)  
  52  4:17  Probe  
  57  4:19  Pylon  
  57  4:20  Assimilator  
  57  4:22  Assimilator, Probe  
  58  4:29  Probe  
  59  4:36  Probe  
  56  4:39  Forge  
  56  4:41  Twilight Council  
  56  4:42  Probe  
  56  4:43  Gateway  
  57  4:47  Gateway  
  57  4:52  Sentry  
  60  4:54  Probe x2 (Chrono Boost)  
  61  5:02  Protoss Ground Weapons Level 1 (Chrono Boost), Shield Battery  
  61  5:05  Pylon, Probe (Chrono Boost)  
  61  5:06  Probe (Chrono Boost)  
  63  5:12  Robotics Facility  
  63  5:14  Probe (Chrono Boost)  
  63  5:17  Probe (Chrono Boost), Sentry  
  63  5:18  Probe (Chrono Boost)  
  68  5:26  Probe (Chrono Boost)  
  68  5:27  Charge, Probe (Chrono Boost)  
  71  5:29  Probe (Chrono Boost)  
  71  5:32  Gateway, Probe (Chrono Boost)  
  71  5:33  Gateway  
  72  5:37  Gateway  
  72  5:39  Probe (Chrono Boost)  
  72  5:41  Probe (Chrono Boost)  
  74  5:47  Probe (Chrono Boost), Sentry  
  77  5:52  Assimilator x2  
  77  5:53  Probe (Chrono Boost)  
  80  5:57  Probe (Chrono Boost)  
  80  6:00  Probe x2 (Chrono Boost)  
  80  6:01  Gateway, Observer  
  80  6:02  Gateway  
  80  6:04  Probe, Templar Archives  
  82  6:08  Gateway  
  83  6:20  Gateway  
  83  6:25  Warp Prism (Chrono Boost), Pylon  
  85  6:28  Gateway, Probe  
  85  6:29  Probe  
  85  6:31  Probe  
  88  6:35  Zealot x5  
  98  6:40  Photon Cannon  
  98  6:44  Photon Cannon  
  98  6:47  Photon Cannon  
  98  6:56  High Templar x4, Zealot  
  108  7:02  Archon  
  108  7:05  Pylon  
  108  7:07  Pylon  
  108  7:09  Pylon  
  108  7:19  Archon  
  108  7:25  High Templar x2  
  108  7:26  Zealot x5  
  108  7:29  Zealot x2  
  126  7:30  Archon, Zealot  
  126  7:31  Zealot  
  126  7:34  Nexus  
  107  7:51  Zealot x7  
  107  7:53  Zealot  
  107  7:56  Zealot  
  109  8:06  Probe  
  109  8:12  Zealot x7  
  114  8:19  Zealot x4  
Tags
 
Add a new tag
Caveats
  • Supply blocks, unpowered buildings, or Contaminate may cause inaccurate times.
  • Supply counts are checked every 10 seconds.